 Dungeon Sprint DCSS version 0.30-a0-509-gd016549fea (webtiles) character file.

Game seed: 5877195203612480041

407 rocky1 the Cruncher (level 6, -2/45 HPs)
             Began as a Gargoyle Gladiator on Dec 22, 2022.
             Was an Initiate of Gozag.
             Killed from afar by a deep elf pyromancer (22 damage)
             ... with a bolt of fire
             ... in the Dungeon (Sprint III: "The Ten Rune Challenge").
             The game lasted 00:02:16 (1004 turns).

rocky1 the Cruncher (Gargoyle Gladiator)            Turns: 1004, Time: 00:02:17

Health: -2/45      AC:  8    Str: 20    XL:     6   Next: 88%
Magic:  6/6        EV: 14    Int:  8    God:    Gozag
Gold:   208        SH:  0    Dex: 11    Spells: 5/5 levels left

rFire   . . .      SeeInvis .    a - +0 quarterstaff
rCold   . . .      Faith    .    (shield currently unavailable)
rNeg    + . .      Spirit   .    b - +0 leather armour
rPois   ∞          Reflect  .    c - +0 helmet
rElec   +          Harm     .    (no cloak)
rCorr   .          Rampage  .    (no gloves)
Will    .....      NoTele   +    (no boots)
Stlth   ++........               (no amulet)
HPRegen 0.27/turn                (no ring)
MPRegen 0.10/turn                (no ring)

@: no status effects
A: sickness immunity, AC +4, negative energy resistance 1, electricity
resistance, torment resistance 1, petrification resistance
a: Renounce Religion, Potion Petition, Call Merchant, Bribe Branch


You were in the Dungeon.
You worshipped Gozag.
Gozag was aware of your devotion.
You visited 1 branch You collected 208 gold pieces.

Inventory:

Hand Weapons
 a - a +0 quarterstaff (weapon)
 s - a +3 dagger
Missiles
 e - a javelin (quivered)
Armour
 b - a +0 leather armour (worn)
 c - a +0 helmet (worn)
Wands
 j - a wand of polymorph (8)
Scrolls
 k - a scroll of blinking
 m - a scroll of immolation {unknown}
 n - a scroll of magic mapping {unknown}
 p - a scroll of poison {unknown}
 q - a scroll of identify {unknown}
Potions
 f - a potion of curing
 g - 2 potions of heal wounds
 h - a potion of haste
 i - 2 potions of magic
 l - 4 potions of mutation {unknown}
 o - a potion of lignification {unknown}
 r - a potion of degeneration {unknown}


   Skills:
 + Level 8.7 Fighting
 * Level 8.8 Staves
 - Level 1.7 Throwing
 + Level 2.5 Armour
 + Level 7.0 Dodging
 + Level 3.0 Stealth


You had 5 spell levels left.
You didn't know any spells.
Your spell library contained the following spells:

 Spells                   Type           Power      Damage    Failure   Level
 Apportation              Tloc           0%         N/A       45%         1
 Necrotise                Necr           0%         1d4       45%         1
 Shock                    Conj/Air       0%         1d3       45%         1
 Summon Small Mammal      Summ           0%         N/A       45%         1
 Swiftness                Air            0%         N/A       83%         3
 Airstrike                Air            0%         2d(0-16)  99%         4


Dungeon Overview and Level Annotations

Branches:
Dungeon (1/1)

Altars:
Cheibriados
Dithmenos
Elyvilon
Fedhas
Gozag
Hepliaklqana
Kikubaaqudgha
Makhleb
Nemelex Xobeh
Qazlal
Ru
Sif Muna
Vehumet
Xom
Yredelemnul
Zin
The Shining One
Jiyva
Lugonu


Innate Abilities, Weirdness & Mutations

You are immune to sickness and miasma.
Your stone body is resilient. (AC +4)
You are immune to poison.
You resist negative energy. (rN+)
You are resistant to electric shocks. (rElec)
You are resistant to unholy torment.
You are immune to petrification.


Message History

a +0 dagger; a +0 robe
Things that are here:
a +0 dagger; a +0 robe
There is an open door here.
There is a fountain of clear blue water here.
You open the door.
Found three altars.
No target in view!
A deep elf pyromancer comes into view.
It is wielding a +2 long sword of holy wrath.
Found a potion of heal wounds.
The deep elf pyromancer shouts!
There is an open door here.
You hit the deep elf pyromancer.
The deep elf pyromancer is lightly wounded.
The deep elf pyromancer gestures at you while chanting.
The sticky flame hits you.
You are covered in liquid flames!
You hit the deep elf pyromancer.
The deep elf pyromancer is lightly wounded.
You are covered in liquid flames!
The deep elf pyromancer hits you with a +2 long sword of holy wrath!
You closely miss the deep elf pyromancer.
The deep elf pyromancer is lightly wounded.
You are covered in liquid flames!
The deep elf pyromancer hits you with a +2 long sword of holy wrath.
You hit the deep elf pyromancer but do no damage.
The deep elf pyromancer is lightly wounded.
You are covered in liquid flames!
You are no longer on fire.
The deep elf pyromancer mumbles some strange words.
The deep elf pyromancer blinks!
Throw: throwing net
Press: ? - help, Q - select action, (/) - cycle Shift-Dir - straight line, f - deep elf pyromancer
Aim: a deep elf pyromancer, wielding a +2 long sword of holy wrath (lightly wounded, 50% to hit)
You throw a throwing net.
The throwing net barely misses the deep elf pyromancer.
The deep elf pyromancer casts a spell at you.
The bolt of fire hits you!!
You die...
Your body crumbles into a pile of gold.

▓▓▓▓ ▓▓▓ ...#### ##.#####
#### $ $$$
......#####..#___# #__# $$
.......#..#..#!§.# #[_# $
#.##...#..#..###@#+###'##$$
#.###..##'#..#..........#$
##.##..###...'.⌠..e.....# $
$$ $
..##.†####...#...######'#$
$ $$
..##..###....#.⌠.#_v#...#
.##...##.....#...#__#...#
##....#......#'###__#...#
##..##÷#.....#)).#__#...+
#.. ####....#___#__+...#


You could see a deep elf pyromancer.

Vanquished Creatures
  A shadow (D)
  A water elemental (D)
  A necrophage (D)
  A jelly (D)
  A necromancer (D)
  A wizard (D)
  A kobold demonologist (D)
  A human (D)
  A phantom (D)
  An endoplasm (D)
  3 rats (D)
13 creatures vanquished.

Notes
Turn   | Place    | Note
-------+----------+-------------------------------------------
     0 | D        | rocky1 the Gargoyle Gladiator began the quest for the Orb.
     0 | D        | Reached XP level 1. HP: 12/12 MP: 1/1
   208 | D        | Reached XP level 2. HP: 4/20 MP: 2/2
   282 | D        | Reached XP level 3. HP: 24/24 MP: 3/3
   305 | D        | Noticed a water elemental
   312 | D        | Killed a water elemental
   313 | D        | Reached skill level 5 in Fighting
   313 | D        | Reached skill level 5 in Staves
   313 | D        | Reached XP level 4. HP: 32/32 MP: 4/4
   512 | D        | Reached skill level 5 in Dodging
   512 | D        | Reached XP level 5. HP: 31/36 MP: 5/5
   529 | D        | Noticed a shadow
   545 | D        | HP: 1/36 [something (25)]
   547 | D        | Killed a shadow
   548 | D        | Reached XP level 6. HP: 2/44 MP: 6/6
   798 | D        | Found a blossoming altar of Fedhas.
   798 | D        | Found a stormy altar of Qazlal.
   798 | D        | Found a snail-covered altar of Cheibriados.
   798 | D        | Found a burning altar of Makhleb.
   798 | D        | Found a shimmering altar of Xom.
   798 | D        | Noticed a spatial vortex
   799 | D        | Found a hazy altar of Hepliaklqana.
   799 | D        | Found an opulent altar of Gozag.
   799 | D        | Found a sparkling altar of Nemelex Xobeh.
   799 | D        | Found a corrupted altar of Lugonu.
   799 | D        | Found a viscous altar of Jiyva.
   806 | D        | Became a worshipper of Gozag Ym Sagoz the Greedy
   928 | D        | Found a basalt altar of Yredelemnul.
   928 | D        | Found a shadowy altar of Dithmenos.
   928 | D        | Found a sacrificial altar of Ru.
   933 | D        | Reached skill level 1 in Armour
   967 | D        | Found a radiant altar of Vehumet.
   967 | D        | Found a shimmering blue altar of Sif Muna.
   967 | D        | Found an ancient bone altar of Kikubaaqudgha.
   998 | D        | Found a glowing silver altar of Zin.
   998 | D        | Found a glowing golden altar of the Shining One.
   998 | D        | Found a white marble altar of Elyvilon.
   999 | D        | Noticed a deep elf pyromancer
  1004 | D        | Killed from afar by a deep elf pyromancer

Illustrated notes

Levels and vault maps discovered:
D:        dungeon_sprint_mu [sprint_mu_entry_cave, sprint_mu_temple_rooms,
          sprint_mu_d1_spiders, sprint_mu_d2_genie, sprint_mu_d3_branching,
          sprint_mu_orc_legion, sprint_mu_elf_gauntlet, sprint_mu_hive_nellie,
          sprint_mu_lair_fedhas, sprint_mu_vaults_butterflies,
          sprint_mu_slime_circle, sprint_mu_swamp_cave, sprint_mu_shoals_archi,
          sprint_mu_blade_basic, sprint_mu_crypt_lich, sprint_mu_tomb_spiral,
          sprint_mu_vestibule_basic, sprint_mu_gehenna_hellfire,
          sprint_mu_dis_giant, sprint_mu_tartarus_statrot,
          sprint_mu_cocytus_islands, sprint_mu_zot1]

Skill      XL: |  1  2  3  4  5  6 |
---------------+-------------------+-----
Fighting       | 4 5 6 8 |  8.7
Staves         | 4 5 6 7 8 |  8.8
Dodging        | 3 4 5 6 7 |  7.0
Armour         | 2 |  2.5
Stealth        | 3 |  3.0
Throwing       | |  1.7

Action                   |  1- 3 |  4- 6 || total
-------------------------+-------+-------++-------
Melee: Quarterstaff      |    42 |    40 ||    82
Throw: Throwing net      |     3 |     1 ||     4
  Use: Potion            |     1 |       ||     1
 Stab: Held in net/web   |     1 |       ||     1
Armor: Leather armour    |    13 |    10 ||    23
Dodge: Dodged            |    16 |     9 ||    25

Table legend: (Time is in decaauts)
 A = Elapsed time spent in this place.
 B = Non-inter-level travel time spent in this place.
 C = Inter-level travel time spent in this place.
 D = Time resting spent in this place.
 E = Time spent auto-exploring this place.
 F = Levels seen in this place.
 G = Mean time per level.
                   A        B        C        D        E       F      G
               +--------+--------+--------+--------+--------+-----+--------+
         Total |   1010 |   1010 |      0 |    749 |     16 |   1 | 1010.0 |
       Dungeon |   1010 |   1010 |      0 |    749 |     16 |   1 | 1010.0 |
               +--------+--------+--------+--------+--------+-----+--------+

Top non-repeatable levels by time:
       D: 1010 daAuts
